 Dungeon Crawl Stone Soup version 0.30-a0-652-gcc886f7154 (webtiles) character file.

Game seed: 4459932039920953383

37 Newt the Shooter (level 3, 0/30 HPs)
             Began as a Kobold Hunter on Jan 17, 2023.
             Was a Follower of Hepliaklqana.
             Succumbed to an adder's poison
             ... on level 2 of the Dungeon.
             The game lasted 00:00:56 (1309 turns).

Newt the Shooter (Kobold Hunter)                    Turns: 1309, Time: 00:00:57

Health: 0/30       AC: 21    Str:  7 (8)  XL:     3   Next: 60%
Magic:  3/3        EV:  3    Int:  8 (10) God:    Hepliaklqana [*.....]
Gold:   19         SH:  5    Dex: 19 (20) Spells: 2/2 levels left

rFire   . . .      SeeInvis .    a - +0 shortbow
rCold   . . .      Faith    .    (shield currently unavailable)
rNeg    . . .      Spirit   .    (body armour currently unavailable)
rPois   +          Reflect  +    (helmet currently unavailable)
rElec   .          Harm     .    (cloak currently unavailable)
rCorr   .          Rampage  .    (gloves currently unavailable)
Will    .....      NoTele   +    (boots currently unavailable)
Stlth   ++++                     j - amulet of reflection
HPRegen 0.25/turn                (no ring)
MPRegen 0.08/turn                (no ring)

@: mighty, lethally poisoned (0 -> -2), tree-form
A: stationary, stasis, torment immunity, boosted hp, reduced essence, small, no
large weapons, nightstalker 3
a: Renounce Religion, Recall Ancestor, Ancestor Identity


You were on level 2 of the Dungeon.
You worshipped Hepliaklqana.
Hepliaklqana was aware of your devotion.
You were a tree.
You visited 1 branch of the dungeon, and saw 2 of its levels.

You collected 19 gold pieces.

Inventory:

Hand Weapons
 a - a +0 shortbow (weapon)
Armour
 c - a +0 leather armour (melded)
 f - a +0 pair of boots (melded)
 i - a +0 cloak (melded)
Jewellery
 j - an amulet of reflection (around neck)
 m - a ring of willpower
 n - a ring of protection from cold
Scrolls
 b - a scroll of immolation
 l - a scroll of brand weapon
 o - a scroll of blinking {unknown}


   Skills:
 + Level 3.5 Fighting
 - Level 5.3 Ranged Weapons
 - Level 2.4 Dodging
 - Level 3.0 Stealth


You had 2 spell levels left.
You didn't know any spells.
Your spell library contained the following spells:

 Spells                   Type           Power      Damage    Failure   Level
 Apportation              Tloc           0%         N/A       41%         1
 Necrotise                Necr           0%         1d4       41%         1
 Summon Small Mammal      Summ           0%         N/A       41%         1


Dungeon Overview and Level Annotations

Branches:
Dungeon (2/15)

Altars:
Hepliaklqana


Innate Abilities, Weirdness & Mutations

You are a tree.
Your roots penetrate the ground, keeping you stationary.
You cannot be teleported.
You are immune to unholy pain and torment.
Your maximum health is greatly increased.
Your equipment is partially melded.
Your life essence is reduced to manifest your ancestor. (-10% HP)
You are small and have problems with some larger weapons.
You are completely attuned to the shadows.


Message History

You shoot an arrow. The arrow misses the adder.
You feel sick. The adder misses you.
You shoot an arrow. The arrow barely misses the adder.
You feel sick. The adder bites you.
You are lethally poisoned!
The adder poisons you! The adder bites you.
* * * LOW HITPOINT WARNING * * *
You shoot an arrow. The arrow hits the adder.
You kill the adder!
* * * LOW HITPOINT WARNING * * *
You feel very sick.
It was a potion of might.
You feel very mighty all of a sudden.
* * * LOW HITPOINT WARNING * * *
You feel sick.
It was a potion of lignification.
You turn into a tree.
Your +0 cloak melds into your body.
Your +0 pair of boots melds into your body.
Your +0 leather armour melds into your body.
Your roots penetrate the ground.
* * * LOW HITPOINT WARNING * * *
You feel sick.
It was a potion of degeneration.
There was something very wrong with that liquid.
You feel weakened.
You feel dopey.
You feel clumsy.
* * * LOW HITPOINT WARNING * * *
You feel sick.
It was a potion of magic.
Magic courses through your body.
* * * LOW HITPOINT WARNING * * *
You feel sick.
Unknown command.
There is a lethal amount of poison in your body!
There is a lethal amount of poison in your body!
There is a lethal amount of poison in your body!
There is a lethal amount of poison in your body!
You aren't carrying any potions.
As you read the scroll labelled NIYMIST QUSUA, it crumbles to dust.
It is a scroll of identify.
l - a scroll of brand weapon You die...

...###... #...#...#
#..)..##.. #..
##[.[###..
##....##.....##..
##.....#...#...#..
####.........###.....
...†♣.......#####.)†)
.###.................
##.......####.....
##.....## #.....
##...## ..... ##'##
#.# #.# .>.


There were no monsters in sight!

Vanquished Creatures
  2 adders (D:2)
  A worm (D:2)
  3 endoplasms
  4 goblins
  A quokka (D:2)
  A ball python (D:1)
  2 bats (D:1)
  2 rats (D:1)
16 creatures vanquished.

Vanquished Creatures (others)
  An ancestor (D:2)
1 creature vanquished.

Grand Total: 17 creatures vanquished

Notes
Turn   | Place    | Note
-------+----------+-------------------------------------------
     0 | D:1      | Newt the Kobold Hunter began the quest for the Orb.
     0 | D:1      | Reached XP level 1. HP: 12/12 MP: 1/1
   704 | D:1      | Reached XP level 2. HP: 10/17 MP: 2/2
   961 | D:1      | Found a faded altar of an unknown god.
  1192 | D:1      | Prayed at the altar of an unknown god.
  1192 | D:1      | Became a worshipper of Hepliaklqana the Forgotten
  1192 | D:1      | Reached * piety under Hepliaklqana
  1264 | D:2      | Reached XP level 3. HP: 19/19 MP: 3/3
  1307 | D:2      | HP: 1/30 [poisoned by an adder]
  1309 | D:2      | Succumbed to an adder's poison

Illustrated notes

Levels and vault maps discovered:
D:1:      saegor_arrival_simple_e, layout_basic,
          shapermc_ecumenical_altar_hornbeckon, dreamdust_princess_corridor
D:2:      layout_loops_corners, serial_shops, nicolae_shop_window_shopping,
          minivault_25, mrwooster_statue_mirror, minmay_circle_x

Skill      XL: |  1  2  3 |
---------------+----------+-----
Stealth        | 2 3 |  3.0
Fighting       | 3 |  3.5
Ranged Weapons | |  5.3
Dodging        | |  2.4

Action                   || total
-------------------------++-------
 Fire: Shortbow          ||    49
  Use: Scroll            ||     2
       Potion            ||     4
Armor: Leather armour    ||     6
Dodge: Dodged            ||    12

Table legend: (Time is in decaauts)
 A = Elapsed time spent in this place.
 B = Non-inter-level travel time spent in this place.
 C = Inter-level travel time spent in this place.
 D = Time resting spent in this place.
 E = Time spent auto-exploring this place.
 F = Levels seen in this place.
 G = Mean time per level.
                   A        B        C        D        E       F      G
               +--------+--------+--------+--------+--------+-----+--------+
         Total |   1332 |   1172 |    160 |      0 |   1037 |   2 |  666.0 |
       Dungeon |   1332 |   1172 |    160 |      0 |   1037 |   2 |  666.0 |
               +--------+--------+--------+--------+--------+-----+--------+

Top non-repeatable levels by time:
     D:1: 1249 daAuts
     D:2: 83 daAuts
